[Event "Titled Tuesday Blitz April 18 Early 2023"]
[White "Ibarra Jerez, Jose Carlos"]
[Black "Bacallao Alonso, Yusnel"]
[WhiteFideId "2226332"]
[BlackFideId "3507416"]
[WhiteElo "2638"]
[BlackElo "2561"]
[Result "1-0"]
[Round "11"]
[TimeControl "180+2"]
[Date "2023.04.18"]
[WhiteClock "0:00:23"]
[BlackClock "0:00:03"]

1. e4 c6 2. Nf3 d5 3. d3 g6 4. Qe2 Bg7 5. g3 Nd7 6. Bg2 e5 7. exd5 cxd5 8. c4 Ne7 9. Nc3 d4 10. Ne4 O-O 11. O-O h6 12. b4 Qc7 13. Ba3 f5 14. Ned2 Re8 15. Rac1 a5 16. b5 Nc5 17. Rfe1 g5 18. Nb3 Nxb3 19. axb3 Ng6 20. Nxd4 a4 21. Bd5+ Kh7 22. b4 Bd7 23. Nf3 Re7 24. b6 Qd6 25. Bxb7 Rf8 26. c5 Qf6 27. c6 Be6 28. b5 Bd5 29. Rc5 Qf7 30. Rxd5 Qxd5 31. Bxe7 Nxe7 32. Nxe5 a3 33. Nd7 Rf7 34. Ba8 a2 35. b7 f4 36. Qe4+ Qxe4 37. dxe4 fxg3 38. hxg3 Bd4 39. Kh1 Rxf2 40. b8=Q Re2 41. Rf1 Rf2 42. Nf8+ Kg7 43. Ne6+ Kg6 44. Qe8+ 1-0


[Site "https://www.chess.com"]

[Event "Titled Tuesday Blitz April 18 Early 2023"]
[White "Narayanan.S.L"]
[Black "Harsh Suresh"]
[WhiteFideId "5058422"]
[BlackFideId "45018464"]
[WhiteElo "2547"]
[BlackElo "2227"]
[Result "1-0"]
[Round "11"]
[TimeControl "180+2"]
[Date "2023.04.18"]
[WhiteClock "0:00:01"]
[BlackClock "0:00:16"]

1. c4 g6 2. g3 Bg7 3. Bg2 e6 4. Nc3 Ne7 5. Nf3 O-O 6. O-O d5 7. d4 dxc4 8. Qa4 Bd7 9. Qxc4 Bc6 10. e4 Nd7 11. Rd1 Nb6 12. Qe2 Qe8 13. b3 Rd8 14. Ba3 Rd7 15. Ne5 Bxe5 16. dxe5 Nbc8 17. Rxd7 Bxd7 18. Rd1 b6 19. f4 c5 20. b4 cxb4 21. Bxb4 a5 22. Ba3 b5 23. Bc5 b4 24. Nb1 Bb5 25. Qf2 Qc6 26. h4 Qc7 27. Bd6 Qc6 28. f5 Ba4 29. Bxe7 Nxe7 30. Rf1 Qc2 31. Qa7 Nc6 32. Qc7 Qc5+ 33. Kh2 Qxe5 34. Qb7 Nd4 35. Nd2 Ne2 36. Rf3 exf5 37. exf5 Nd4 38. Rf4 Nxf5 39. Ne4 Nd6 40. Qc7 f5 41. Nxd6 Rf6 42. Qc4+ Kg7 43. Qc7+ Kg8 44. Qb8+ Rf8 45. Qb6 Rf6 46. Nc4 Rxb6 47. Nxe5 Bb5 48. Rd4 Kg7 49. Bd5 Rd6 50. Nf3 Bc6 51. Bxc6 Rxc6 52. Rd2 a4 53. Kg2 Rc3 54. Nd4 h6 55. Rb2 Ra3 56. Nc2 Rc3 57. Nxb4 g5 58. hxg5 hxg5 59. Rc2 Ra3 60. Nd5 Kg6 61. Rf2 Kh5 62. Ne7 f4 63. gxf4 gxf4 64. Nd5 f3+ 65. Kg3 Kg5 66. Nb4 Rc3 67. Rxf3 Rc4 68. a3 Rc1 69. Kf2 Rb1 70. Ke2 Rb2+ 71. Kd1 Kg4 72. Rc3 Kf5 73. Kc1 Rf2 74. Nc2 Ke4 75. Kb2 Kd5 76. Rc8 Rh2 77. Ra8 Kc4 78. Rxa4+ Kd3 79. Rd4+ Ke2 80. Rd8 Kf3 81. a4 Rh3 82. Rd3+ Kg2 83. Rxh3 Kxh3 84. a5 Kg3 85. a6 Kg4 86. a7 Kf4 87. a8=Q Ke5 88. Qf3 Kd6 89. Qf5 Kc6 90. Qe5 Kd7 91. Qf6 Kc7 92. Qe6 Kb7 93. Qd6 Ka7 94. Kb3 Kb7 95. Kb4 Ka7 96. Kb5 Kb7 97. Qe7+ Ka8 98. Kb6 Kb8 99. Qe8# 1-0


[Site "https://www.chess.com"]

[Event "Titled Tuesday Blitz April 18 Early 2023"]
[White "Durarbayli, Vasif"]
[Black "Csonka, Balazs"]
[WhiteFideId "13402935"]
[BlackFideId "742910"]
[WhiteElo "2551"]
[BlackElo "2404"]
[Result "1-0"]
[Round "11"]
[TimeControl "180+2"]
[Date "2023.04.18"]
[WhiteClock "0:00:04"]
[BlackClock "0:00:03"]

1. e4 e6 2. d4 d5 3. e5 c5 4. c3 Nc6 5. Nf3 Qb6 6. Be2 cxd4 7. cxd4 Nh6 8. Bxh6 Qxb2 9. Nc3 Qxc3+ 10. Bd2 Qa3 11. O-O Bb4 12. Rb1 Bxd2 13. Qxd2 O-O 14. Rfc1 Qa5 15. Qg5 h6 16. Qe3 Ne7 17. Bd3 b6 18. Rb3 Nf5 19. Qe2 Bd7 20. g4 Ne7 21. Rc7 Rfd8 22. Bb1 Rac8 23. Qc2 Kf8 24. Rbc3 Bc6 25. R3xc6 Nxc6 26. Qxc6 Rxc7 27. Qxc7 Re8 28. g5 Qb4 29. Bd3 Qe7 30. Qc1 hxg5 31. Nxg5 Kg8 32. Bh7+ Kf8 33. Bd3 f6 34. Qf4 Kg8 35. Nf3 Rf8 36. Qh4 Qe8 37. Qh7+ Kf7 38. Bg6+ Ke7 39. Bxe8 1-0


[Site "https://www.chess.com"]

[Event "Titled Tuesday Blitz April 18 Early 2023"]
[White "Srihari L R"]
[Black "Zhigalko_Sergei"]
[WhiteFideId "46617116"]
[WhiteElo "2334"]
[BlackElo "2922"]
[Result "1-0"]
[Round "11"]
[TimeControl "180+2"]
[Date "2023.04.18"]
[WhiteClock "0:00:52"]
[BlackClock "0:00:02"]

1. Nf3 d5 2. d4 e6 3. c4 c6 4. Nc3 dxc4 5. a4 Bb4 6. e4 b5 7. Be2 Bb7 8. O-O a6 9. e5 Nd7 10. Ng5 Nh6 11. Nge4 Nf5 12. g4 Nh6 13. Bg5 Qc7 14. Na2 Bf8 15. Bf3 Ng8 16. Bf4 Nb6 17. b3 Nd5 18. Bg3 c3 19. Naxc3 Nxc3 20. Nxc3 Ne7 21. axb5 axb5 22. Rxa8+ Bxa8 23. Nxb5 cxb5 24. Bxa8 h5 25. d5 exd5 26. Bxd5 h4 27. Bf4 Ng6 28. Be3 Be7 29. e6 f6 30. Qd3 Ne5 31. Qxb5+ Kf8 32. Rc1 Qd8 33. Bb7 g5 34. Rc8 Kg7 35. Rxd8 Rxd8 36. f4 Rd1+ 37. Kf2 Nxg4+ 38. Ke2 Rh1 39. Bxh1 1-0


[Site "https://www.chess.com"]

[Event "Titled Tuesday Blitz April 18 Early 2023"]
[White "Bocharov, Dmitry"]
[Black "Paravyan, David"]
[WhiteFideId "4138716"]
[BlackFideId "4194985"]
[WhiteElo "2469"]
[BlackElo "2563"]
[Result "1-0"]
[Round "11"]
[TimeControl "180+2"]
[Date "2023.04.18"]
[WhiteClock "0:00:23"]
[BlackClock "0:00:04"]

1. c4 c5 2. g3 g6 3. Bg2 Bg7 4. Nc3 Nc6 5. Nf3 e5 6. d3 Nge7 7. Nd2 h5 8. h4 d6 9. Nf1 Be6 10. Ne3 Bh6 11. Rb1 Kf8 12. a3 a5 13. O-O Kg7 14. Ned5 Bxc1 15. Qxc1 Rb8 16. Qd2 Qd7 17. Qg5 Bxd5 18. Bxd5 f6 19. Qd2 Nd4 20. Bg2 Ne6 21. b4 axb4 22. axb4 g5 23. bxc5 dxc5 24. hxg5 Nxg5 25. f4 exf4 26. gxf4 Ne6 27. Kh2 Nf5 28. Bh3 Nh6 29. Nd5 Ng4+ 30. Bxg4 hxg4+ 31. Kg2 Nc7 32. e4 b5 33. Nxc7 Qxc7 34. Rxb5 Rxb5 35. cxb5 Qf7 36. Rh1 Rxh1 37. Kxh1 Qb3 38. Qe2 Qxb5 39. Qxg4+ Kf7 40. Qe2 Qb8 41. Qe3 Qb3 42. Kg2 c4 43. Qa7+ Kg6 44. f5+ Kh6 45. Qe3+ Kg7 46. Qg3+ Kf8 47. Qd6+ Kg7 48. Qe7+ Kg8 49. Qe8+ Kh7 50. Qg6+ Kh8 51. Qxf6+ Kh7 52. Qf7+ Kh8 53. Qxc4 Qb2+ 54. Kf3 Qa1 55. Ke2 Qb2+ 56. Ke3 Qg2 57. Qc8+ Kh7 58. Qd7+ Kh8 59. Qe8+ 1-0


[Site "https://www.chess.com"]

[Event "Titled Tuesday Blitz April 18 Early 2023"]
[White "Skvortsov, Andrei"]
[Black "Demchenko, Anton"]
[WhiteFideId "24108600"]
[BlackFideId "4160258"]
[WhiteElo "2259"]
[BlackElo "2545"]
[Result "0-1"]
[Round "11"]
[TimeControl "180+2"]
[Date "2023.04.18"]
[WhiteClock "0:00:14"]
[BlackClock "0:00:06"]

1. e4 e5 2. d4 exd4 3. Qxd4 Nc6 4. Qd3 Bb4+ 5. Nc3 Nf6 6. Bd2 O-O 7. O-O-O Re8 8. Nge2 d6 9. Bg5 h6 10. Bxf6 Qxf6 11. Nd5 Qd8 12. Nxb4 Nxb4 13. Qd2 a5 14. Nc3 Be6 15. a3 Nc6 16. f4 f5 17. exf5 Bxf5 18. Bc4+ Kh8 19. h3 Qd7 20. g4 Be6 21. Bb5 Bg8 22. f5 Qe7 23. Kb1 Qe3 24. Qg2 Re5 25. h4 Rc5 26. Rhe1 Rxc3 27. Rxe3 Rxe3 28. f6 gxf6 29. Qd2 Rae8 30. Bxc6 bxc6 31. Qxa5 R8e7 32. Qf5 Kg7 33. b3 R3e5 34. Qf3 Bh7 35. Rd2 Re3 36. Qxc6 Rxb3+ 37. Ka2 Rg3 38. Qa4 Be4 39. g5 hxg5 40. hxg5 Rxg5 41. Qd4 Bg6 42. c4 Re4 43. Qc3 Rxc4 44. Qe3 Bf7 45. Kb2 Rb5+ 46. Ka1 Rc1# 0-1


[Site "https://www.chess.com"]

[Event "Titled Tuesday Blitz April 18 Early 2023"]
[White "Pichot, Alan"]
[Black "Grigoriants, Sergey"]
[WhiteFideId "110973"]
[BlackFideId "4130804"]
[WhiteElo "2573"]
[BlackElo "2502"]
[Result "1/2-1/2"]
[Round "11"]
[TimeControl "180+2"]
[Date "2023.04.18"]
[WhiteClock "0:00:14"]
[BlackClock "0:00:07"]

1. e4 c5 2. Nf3 Nc6 3. d4 cxd4 4. Nxd4 Nf6 5. Nc3 e6 6. Be2 d6 7. O-O Be7 8. Be3 O-O 9. f4 e5 10. Nb3 exf4 11. Bxf4 Be6 12. Qd2 d5 13. e5 Nd7 14. Nxd5 Ndxe5 15. Rad1 a5 16. Nxe7+ Qxe7 17. Qe3 f6 18. Nc5 Bf7 19. a3 Rfe8 20. Bb5 Bc4 21. Bxc6 Nxc6 22. Qxe7 Rxe7 23. Rfe1 Rxe1+ 24. Rxe1 b5 25. b3 Bf7 26. Rd1 Rd8 27. Rxd8+ Nxd8 28. Bc7 Ne6 29. Nxe6 Bxe6 30. Bxa5 Bf5 31. c3 Kf7 32. Bb6 Ke6 33. a4 bxa4 34. bxa4 Kd5 35. Bd4 Ke4 36. a5 Bc8 37. Kf2 Ba6 38. g3 h5 39. Kg2 g5 40. Bxf6 g4 41. Bd4 Bb5 42. Kf2 Ba6 43. Ke1 Kd3 44. Bf6 Bb5 45. Kd1 Ba6 46. Kc1 Bb5 47. Kb2 Kc4 48. Kc2 Ba6 49. Kd2 Bc8 50. Ke3 Kb5 51. Bd8 Kc4 52. Kf4 Kxc3 53. Kg5 Kb4 54. Kxh5 Kb5 55. Kg5 Ka6 56. Kf4 Bd7 57. Bb6 Bc8 58. Ke5 Bd7 59. Kd6 Bf5 60. Kc7 Bd3 61. Kd6 Bf1 62. Kc5 Bh3 63. Kd4 Kb5 64. Ke3 Ka6 65. Kf2 Kb5 66. Kg1 Ka6 1/2-1/2


[Site "https://www.chess.com"]

[Event "Titled Tuesday Blitz April 18 Early 2023"]
[White "Yeletsky, Ivan"]
[Black "Perez Gormaz, Matias"]
[WhiteFideId "24180327"]
[BlackFideId "3406342"]
[WhiteElo "2422"]
[BlackElo "2362"]
[Result "1-0"]
[Round "11"]
[TimeControl "180+2"]
[Date "2023.04.18"]
[WhiteClock "0:00:13"]
[BlackClock "0:00:04"]

1. d4 Nf6 2. c4 e6 3. Nc3 Bb4 4. Nf3 d5 5. Bg5 dxc4 6. e4 b5 7. a4 c6 8. e5 h6 9. exf6 hxg5 10. fxg7 Rg8 11. Ne5 Rxg7 12. g3 Qd5 13. Rg1 c5 14. Bg2 Qxd4 15. Bxa8 Qxe5+ 16. Kf1 bxa4 17. Rxa4 Rh7 18. Ne4 Bd7 19. Rxa7 Rxh2 20. Nd6+ Kf8 21. Rb7 Nc6 22. Rxd7 Nd4 23. Rxf7+ Kg8 24. Rd7 Qf6 25. Bg2 Nf5 26. Nxf5 Qxf5 27. Rd8+ Kg7 28. Qd7+ Kg6 29. Rg8+ Kf6 30. Rf8+ Ke5 31. Rxf5+ exf5 32. Qe7+ 1-0


[Site "https://www.chess.com"]

[Event "Titled Tuesday Blitz April 18 Early 2023"]
[White "Rustemov, Alexander"]
[Black "Han, Yichen"]
[WhiteFideId "4119002"]
[BlackFideId "1054430"]
[WhiteElo "2877"]
[BlackElo "2342"]
[Result "1-0"]
[Round "11"]
[TimeControl "180+2"]
[Date "2023.04.18"]
[WhiteClock "0:00:19"]
[BlackClock "0:00:04"]

1. d4 d5 2. c4 c6 3. Nc3 Nf6 4. e3 Bf5 5. cxd5 cxd5 6. Qb3 Bc8 7. Nf3 Nc6 8. Ne5 e6 9. f4 Be7 10. Bd3 O-O 11. Bd2 Ne8 12. O-O Nd6 13. Nxc6 bxc6 14. Qc2 f5 15. Na4 Bd7 16. Rac1 Ne4 17. Bxe4 fxe4 18. Nc5 Rb8 19. b3 Bxc5 20. Qxc5 Qb6 21. Ba5 Qxc5 22. Rxc5 Rb5 23. Rfc1 Rfb8 24. Bc7 R8b7 25. Be5 a5 26. Rxb5 Rxb5 27. Kf2 a4 28. Rc3 axb3 29. axb3 Kf7 30. Bd6 Rb7 31. Bc5 Rb8 32. Ke2 Bc8 33. Kd2 Ba6 34. Kc1 Bb5 35. Rc2 Ra8 36. Kb2 h5 37. g3 Kg6 38. h3 Kf5 39. Rg2 Kf6 40. Rg1 Rb8 41. Kc3 Ra8 42. g4 hxg4 43. hxg4 Ra2 44. g5+ Kg6 45. Re1 Kf5 46. Bd6 Kg4 47. g6 Kf3 48. Be5 Rg2 49. Bxg7 Rxg6 50. Be5 Rg2 51. f5 exf5 52. Bf4 Ra2 53. Rh1 Ra1 54. Rh3+ Ke2 55. Rh5 Rc1+ 56. Kb4 Kd3 57. Rxf5 Rb1 58. Rf6 Kc2 59. Kc5 Rxb3 60. Rxc6 Bxc6 61. Kxc6 Kd3 62. Kxd5 Ra3 63. Ke6 Kc4 64. d5 Ra6+ 65. d6 Kc5 66. Ke7 Kc6 67. Ke6 Ra7 68. Ke5 Ra4 69. Ke6 Ra7 70. Bg5 Ra4 71. d7 Ra8 72. d8=Q Rxd8 73. Bxd8 Kb7 74. Bg5 Kc8 75. Bf4 1-0


[Site "https://www.chess.com"]

[Event "Titled Tuesday Blitz April 18 Early 2023"]
[White "Arat, Ufuk Sezen"]
[Black "Ravi, Teja S."]
[WhiteFideId "6309089"]
[BlackFideId "5017220"]
[WhiteElo "2289"]
[BlackElo "2433"]
[Result "0-1"]
[Round "11"]
[TimeControl "180+2"]
[Date "2023.04.18"]
[WhiteClock "0:01:21"]
[BlackClock "0:01:59"]

1. e4 c6 2. d4 d5 3. e5 Bf5 4. h4 h5 5. Bd3 Bxd3 6. Qxd3 e6 7. Bg5 Qb6 8. Nd2 Be7 9. Ngf3 Nh6 10. Bxe7 Kxe7 11. c4 Nf5 12. O-O Nd7 13. a4 a5 14. cxd5 cxd5 15. Rab1 Rhc8 16. Qa3+ Qb4 17. Qxb4+ axb4 18. b3 Rc3 19. Rfd1 Rac8 20. Nf1 Nb8 21. Ng3 Nxg3 22. fxg3 Rc2 23. Ne1 Re2 24. Rbc1 Rxc1 25. Rxc1 Nc6 26. Nd3 Re3 27. Nc5 Rc3 28. Rb1 b6 29. Na6 Rxg3 30. Kf2 Rc3 31. Ke1 Nxd4 32. Nxb4 Rxb3 33. Rxb3 Nxb3 34. Ke2 Nc5 35. a5 bxa5 36. Nc6+ Ke8 37. Nxa5 Nd7 38. Nc6 f6 39. exf6 gxf6 40. Ke3 Kf7 41. Kf4 Nf8 42. g4 Ng6+ 43. Kg3 hxg4 44. Kxg4 Ne5+ 45. Nxe5+ fxe5 46. Kg5 Kg7 47. h5 Kh7 48. h6 e4 49. Kg4 Kxh6 50. Kf4 Kg6 51. Ke5 e3 52. Kd4 e2 0-1


[Site "https://www.chess.com"]

[Event "Titled Tuesday Blitz April 18 Early 2023"]
[White "Gubajdullin, Alexei"]
[Black "Szpar, Milosz"]
[WhiteFideId "4141202"]
[BlackFideId "1184989"]
[WhiteElo "2279"]
[BlackElo "2436"]
[Result "1/2-1/2"]
[Round "11"]
[TimeControl "180+2"]
[Date "2023.04.18"]
[WhiteClock "0:00:04"]
[BlackClock "0:00:05"]

1. c4 e5 2. g3 Nf6 3. Bg2 c6 4. d4 exd4 5. Qxd4 d5 6. Nf3 Be7 7. O-O O-O 8. cxd5 cxd5 9. Nc3 Nc6 10. Qa4 Bg4 11. Rd1 Be6 12. e4 d4 13. e5 Nd7 14. Nxd4 Nxd4 15. Qxd4 Bc5 16. Qf4 Qc7 17. Nd5 Qxe5 18. Nc7 Qe2 19. Qf3 Bxf2+ 20. Kh1 Qxf3 21. Bxf3 Rad8 22. Kg2 Bb6 23. Nxe6 fxe6 24. Bg5 Nf6 25. Bxb7 h6 26. Bf4 Nd5 27. Bxd5 exd5 28. Rd2 g5 29. Be5 Rf5 30. Bd4 Bxd4 31. Rxd4 Rc8 32. Rd2 Kf7 33. h3 h5 34. a4 Ke6 35. Ra3 Rc4 36. a5 Kd6 37. Rb3 Ra4 38. Ra3 Rxa3 39. bxa3 Kc5 40. Rc2+ Kb5 41. Rc7 a6 42. Rh7 g4 43. hxg4 hxg4 44. Rg7 Kc4 45. Rxg4+ d4 46. Rg6 Rxa5 47. g4 Rxa3 48. g5 Ra5 49. Kf3 d3 50. Ke3 Re5+ 51. Kd2 Re2+ 52. Kd1 a5 53. Rc6+ Kd5 54. Ra6 Rg2 55. Rxa5+ Kd4 56. Rb5 Kc3 57. Rc5+ Kd4 58. Ra5 Rg1+ 59. Kd2 Rg2+ 60. Kd1 Rg1+ 61. Kd2 Rg2+ 62. Kd1 1/2-1/2


[Site "https://www.chess.com"]

[Event "Titled Tuesday Blitz April 18 Early 2023"]
[White "Martinez Ramirez, Lennis"]
[Black "Movahed, Sina"]
[WhiteFideId "3509079"]
[BlackFideId "42520835"]
[WhiteElo "2410"]
[BlackElo "2225"]
[Result "0-1"]
[Round "11"]
[TimeControl "180+2"]
[Date "2023.04.18"]
[WhiteClock "0:00:23"]
[BlackClock "0:02:00"]

1. e4 c5 2. Nf3 d6 3. Bb5+ Nd7 4. d4 cxd4 5. Qxd4 a6 6. Ba4 b5 7. Bb3 Bb7 8. Bxf7+ Kxf7 9. Ng5+ Ke8 10. Ne6 Qb6 11. Qxb6 Nxb6 12. Nc7+ Kd7 13. Nxa8 Nxa8 14. f3 Nf6 15. a4 b4 16. c3 bxc3 17. Nxc3 e6 18. Be3 Nc7 19. Kf2 d5 20. Rhd1 Bd6 21. Rac1 Rc8 22. g4 Rf8 23. Ke2 h5 24. g5 Ng8 25. h4 Ne7 26. Bb6 Ng6 27. exd5 Nxd5 28. Nxd5 Bxd5 29. Bf2 Bxf3+ 30. Ke1 Bxd1 31. Rxd1 Ke7 32. Rd4 Rxf2 33. Rxd6 Kxd6 34. Kxf2 Nxh4 35. b4 Nf5 36. b5 axb5 37. axb5 Kc5 38. Kf3 Kxb5 39. Kf4 Kc6 40. Ke5 Kd7 41. g6 Ke7 42. Kf4 Kf6 0-1


[Site "https://www.chess.com"]

[Event "Titled Tuesday Blitz April 18 Early 2023"]
[White "Kushko, Dmitriy"]
[Black "Hua, Lefong"]
[WhiteFideId "14162261"]
[BlackFideId "2602253"]
[WhiteElo "2230"]
[BlackElo "2652"]
[Result "0-1"]
[Round "11"]
[TimeControl "180+2"]
[Date "2023.04.18"]
[WhiteClock "0:00:08"]
[BlackClock "0:00:06"]

1. f4 Nf6 2. Nf3 g6 3. g3 Bg7 4. Bg2 O-O 5. O-O c5 6. d3 Nc6 7. e4 d6 8. Nc3 Bg4 9. h3 Bxf3 10. Qxf3 Nd4 11. Qf2 Nd7 12. Nd1 Rc8 13. Ne3 b5 14. c3 Nc6 15. Bd2 a5 16. h4 b4 17. h5 e6 18. g4 bxc3 19. bxc3 Rb8 20. Rab1 Rxb1 21. Rxb1 Qc7 22. g5 Rb8 23. Rxb8+ Qxb8 24. e5 d5 25. h6 Bf8 26. c4 Qb1+ 27. Kh2 Qxd3 28. cxd5 exd5 29. Nxd5 Nb4 30. Nc3 c4 31. a3 Nc2 32. Be4 Qd4 33. Qxd4 Nxd4 34. Be3 Ne6 35. a4 Bc5 36. Bc1 Bb4 37. Nd5 Nec5 38. Bc2 Kf8 39. Kg3 Ne6 40. Be3 Bc5 41. Bd2 Nd4 42. Bd1 Nb3 43. Bc3 Be7 44. Bg4 Ndc5 45. Kf3 Nxa4 46. Be1 Nd4+ 47. Ke4 Ne6 48. Bxa5 Nec5+ 49. Kf3 Ne6 50. Nc3 Nxc3 51. Bxc3 Bc5 52. Ke4 Ke7 53. Be2 Bb6 54. Bxc4 Nc5+ 55. Kd5 Ne6 56. Bb4+ Ke8 57. Bd2 Bf2 58. Kd6 Nd4 59. Bd5 Nf5+ 60. Kc6 Be3 61. Bc1 Bxc1 62. Kb7 Bxf4 63. Kc7 Bxe5+ 64. Kc6 Bf4 65. Be4 Bxg5 66. Kd5 Bxh6 67. Bf3 Ke7 68. Ke4 Ng7 69. Bg4 f5+ 70. Kf3 fxg4+ 71. Kxg4 Kf6 0-1


[Site "https://www.chess.com"]

[Event "Titled Tuesday Blitz April 18 Early 2023"]
[White "Sieciechowicz, Marcin"]
[Black "Galchenko, Matvey"]
[WhiteFideId "1130170"]
[BlackFideId "24175480"]
[WhiteElo "2302"]
[BlackElo "2423"]
[Result "0-1"]
[Round "11"]
[TimeControl "180+2"]
[Date "2023.04.18"]
[WhiteClock "0:02:02"]
[BlackClock "0:00:58"]

1. d4 d5 2. c4 e6 3. Nc3 c6 4. Nf3 dxc4 5. a4 Bb4 6. e3 b5 7. Bd2 a5 8. Rb1 Ba6 9. Ne5 Ra7 10. Nxc6 Nxc6 11. axb5 e5 12. bxa6 exd4 13. exd4 Nf6 14. Bxc4 Qxd4 15. Be2 O-O 16. O-O Qe5 17. Be3 Rd7 18. Qa4 Nd4 19. Bxd4 Rxd4 20. Bf3 Bd6 21. Qxd4 Qxh2# 0-1


[Site "https://www.chess.com"]

[Event "Titled Tuesday Blitz April 18 Early 2023"]
[White "Girya, Olga"]
[Black "Molina, Roberto Junio Brito"]
[WhiteFideId "4195752"]
[BlackFideId "2109450"]
[WhiteElo "2263"]
[BlackElo "2376"]
[Result "1-0"]
[Round "11"]
[TimeControl "180+2"]
[Date "2023.04.18"]
[WhiteClock "0:00:13"]
[BlackClock "0:01:48"]

1. d4 d5 2. Nf3 Nf6 3. c4 c6 4. Qb3 dxc4 5. Qxc4 Bf5 6. g3 e6 7. Bg2 Be7 8. O-O O-O 9. Nbd2 Nbd7 10. Qb3 Qb6 11. Nc4 Qa6 12. Bf4 Be4 13. Nd6 Bxd6 14. Bxd6 Rfc8 15. Rfe1 c5 16. dxc5 Nxc5 17. Bxc5 Rxc5 18. Nd4 Bxg2 19. Kxg2 Rac8 20. e4 e5 21. Nf5 g6 22. Ne7+ Kg7 23. Nxc8 Rxc8 24. Rac1 Rxc1 25. Rxc1 Nxe4 26. Rc7 Nd6 27. Qd5 h5 28. Rd7 Nf5 29. Rxf7+ Kh6 30. Qxb7 Qe2 31. Rh7+ Kg5 32. Qf3 Qxb2 33. h4+ Kf6 34. Qc6+ Nd6 35. Qxd6+ 1-0


[Site "https://www.chess.com"]

[Event "Titled Tuesday Blitz April 18 Early 2023"]
[White "Vaibhav Jayant Raut"]
[Black "Samunenkov, Ihor"]
[WhiteFideId "5089034"]
[BlackFideId "14187086"]
[WhiteElo "2156"]
[BlackElo "2457"]
[Result "1-0"]
[Round "11"]
[TimeControl "180+2"]
[Date "2023.04.18"]
[WhiteClock "0:00:10"]
[BlackClock "0:00:02"]

1. Nf3 d5 2. g3 c5 3. Bg2 Nc6 4. d3 e5 5. Nbd2 Be7 6. e4 d4 7. Nc4 f6 8. Nh4 g6 9. O-O Be6 10. f4 exf4 11. gxf4 Qd7 12. f5 Bf7 13. Nf3 O-O-O 14. e5 Bxc4 15. dxc4 fxe5 16. Ng5 Nh6 17. f6 Bd6 18. Bh3 Nf5 19. Ne4 Kb8 20. Qf3 d3 21. c3 Bc7 22. Bg5 h6 23. Be3 Qf7 24. Bxc5 Qxc4 25. Bxf5 gxf5 26. Qxf5 d2 27. Rad1 b6 28. Ba3 Rhg8+ 29. Kh1 Qf7 30. Nxd2 Rd5 31. Ne4 Rgd8 32. Rxd5 Rxd5 33. Qg4 Rd7 34. Qxd7 Qxd7 35. f7 Qd5 36. f8=Q+ Kb7 37. Qf3 Qxa2 38. Bd6 Qc4 39. Bxc7 Kxc7 40. Qf7+ 1-0


[Site "https://www.chess.com"]

[Event "Titled Tuesday Blitz April 18 Early 2023"]
[White "Djordjevic, Vuk"]
[Black "Matinian, Nikita"]
[WhiteFideId "902098"]
[BlackFideId "24129100"]
[WhiteElo "2452"]
[BlackElo "2422"]
[Result "1-0"]
[Round "11"]
[TimeControl "180+2"]
[Date "2023.04.18"]
[WhiteClock "0:00:15"]
[BlackClock "0:00:03"]

1. d4 Nf6 2. Bg5 Ne4 3. Bf4 d5 4. e3 Nf6 5. Bd3 e6 6. Nd2 b6 7. Ngf3 Bd6 8. c3 O-O 9. O-O Ba6 10. Bxa6 Nxa6 11. Qe2 Nb8 12. Bg5 Nbd7 13. e4 dxe4 14. Nxe4 Be7 15. Ng3 c5 16. Rad1 Qc7 17. d5 exd5 18. Qxe7 Rae8 19. Bxf6 Rxe7 20. Bxe7 Re8 21. Bg5 h6 22. Be3 Nf6 23. Rd3 Qc6 24. Rfd1 Qa4 25. a3 Qb3 26. R3d2 a5 27. Ne1 h5 28. Bg5 Ng4 29. Nf3 f6 30. Bf4 g5 31. Nxh5 gxf4 32. h3 Ne3 33. fxe3 fxe3 34. Rxd5 e2 35. Re1 Re3 36. Rd2 Qc4 37. Nxf6+ Kg7 38. Ng4 Rxf3 39. gxf3 Qf4 40. Rd7+ Kg6 41. Kg2 Qa4 42. Rxe2 1-0


[Site "https://www.chess.com"]

[Event "Titled Tuesday Blitz April 18 Early 2023"]
[White "jinbojinbo"]
[Black "Osinenko, Anton"]
[BlackFideId "4158970"]
[WhiteElo "2715"]
[BlackElo "2294"]
[Result "1/2-1/2"]
[Round "11"]
[TimeControl "180+2"]
[Date "2023.04.18"]
[WhiteClock "0:00:08"]
[BlackClock "0:00:14"]

1. c4 c6 2. Nc3 g6 3. d4 Bg7 4. Nf3 d6 5. g3 e5 6. dxe5 dxe5 7. Qxd8+ Kxd8 8. Bg2 h6 9. e4 Be6 10. b3 Nd7 11. Be3 Kc7 12. O-O-O Ne7 13. Kc2 b6 14. Ne1 Rad8 15. Nd3 f5 16. f4 fxe4 17. Nxe4 Nf5 18. Bc1 Rhe8 19. Rhe1 Nd4+ 20. Kb1 Bf5 21. fxe5 Nxe5 22. Bf4 g5 23. Bxe5+ Bxe5 24. Nxe5 Rxe5 25. Kb2 c5 26. Nc3 Rde8 27. Rxe5 Rxe5 28. Rd2 Be6 29. a4 h5 30. Nb5+ Nxb5 31. axb5 Bf5 32. Bc6 h4 33. gxh4 gxh4 34. Rg2 Kd6 35. Ka3 Re7 36. Rf2 Ke5 37. Re2+ Kf6 38. Rd2 h3 39. Rf2 Kg5 40. Bd5 Re3 41. Ka4 Bg4 42. Rd2 Kf4 43. b4 cxb4 44. Kxb4 Re2 45. Rxe2 Bxe2 46. Kc3 Ke3 47. Be6 Bf1 48. Kb4 Kd4 49. Kb3 Ke3 50. Kb4 Kf2 51. c5 bxc5+ 52. Kxc5 Kg1 53. Kb4 Kxh2 54. Ka5 Kg3 55. Bxh3 Kxh3 56. Ka6 Bxb5+ 57. Kxa7 1/2-1/2


[Site "https://www.chess.com"]

[Event "Titled Tuesday Blitz April 18 Early 2023"]
[White "Dehtiarov, Roman"]
[Black "Grot, Blazej"]
[WhiteFideId "14186640"]
[BlackFideId "21835845"]
[WhiteElo "2189"]
[BlackElo "1823"]
[Result "1/2-1/2"]
[Round "11"]
[TimeControl "180+2"]
[Date "2023.04.18"]
[WhiteClock "0:01:11"]
[BlackClock "0:01:49"]

1. c4 Nf6 2. Nc3 e6 3. e4 d5 4. cxd5 exd5 5. e5 d4 6. exf6 dxc3 7. Bb5+ Nc6 8. Qe2+ Be6 9. dxc3 Qxf6 10. Bc4 Ne5 11. Bxe6 Qxe6 12. Be3 O-O-O 13. Nf3 Nd3+ 14. Kf1 Qc4 15. Nd2 Qa4 16. Nb3 Qc4 17. Nd2 Qa4 18. b3 Qa5 19. Qg4+ Kb8 20. Qg5 Rd5 21. Qg3 Qxc3 22. Rd1 Bb4 1/2-1/2


[Site "https://www.chess.com"]

[Event "Titled Tuesday Blitz April 18 Early 2023"]
[White "wqws"]
[Black "Andreev, Konstantin"]
[BlackFideId "24239305"]
[WhiteElo "2610"]
[BlackElo "2106"]
[Result "1-0"]
[Round "11"]
[TimeControl "180+2"]
[Date "2023.04.18"]
[WhiteClock "0:02:11"]
[BlackClock "0:00:01"]

1. e4 c5 2. Nf3 e6 3. d4 cxd4 4. Nxd4 Nc6 5. Nc3 Qc7 6. a3 Nf6 7. Nxc6 bxc6 8. Bd3 Be7 9. O-O O-O 10. f4 d5 11. e5 Nd7 12. Rf3 Rd8 13. Rh3 g6 14. Kh1 Bf8 15. Be3 Bg7 16. Bf2 a6 17. Bh4 Re8 18. Bg5 c5 19. Qe1 Bb7 20. Bh6 Nf8 21. Qh4 c4 22. Bf1 d4 23. Nd1 Qc6 24. Nf2 Bxh6 25. Qxh6 f5 26. exf6 Qc7 27. Ng4 Qf7 28. Bxc4 Rac8 29. Bd3 Rc7 30. Qg5 Kh8 31. Ne5 Qg8 32. Bxg6 Nxg6 33. Nxg6+ Qxg6 34. Qxg6 Rg8 35. Qxg8+ Kxg8 36. Rg3+ Kf8 37. Rg7 Rxg7 38. fxg7+ Kxg7 39. Rd1 Be4 40. Rxd4 Bxc2 41. b4 Kf6 42. Rd6 Kf5 43. Rxa6 1-0


[Site "https://www.chess.com"]

[Event "Titled Tuesday Blitz April 18 Early 2023"]
[White "Averjanov, Alexey"]
[Black "Anton Guijarro, David"]
[WhiteFideId "14109867"]
[BlackFideId "2285525"]
[WhiteElo "2634"]
[BlackElo "2618"]
[Result "1/2-1/2"]
[Round "11"]
[TimeControl "180+2"]
[Date "2023.04.18"]
[WhiteClock "0:00:26"]
[BlackClock "0:00:07"]

1. d4 d6 2. c4 g6 3. Nf3 Bg7 4. Nc3 Nf6 5. e4 Bg4 6. Be2 O-O 7. Ng1 Bxe2 8. Ngxe2 c5 9. O-O cxd4 10. Nxd4 Nc6 11. Be3 Re8 12. Rc1 Ne5 13. b3 Neg4 14. Bg5 h6 15. Bh4 Qb6 16. Nde2 e6 17. Qd2 g5 18. Bg3 Rad8 19. Kh1 Nh5 20. Na4 Qc6 21. f3 Nxg3+ 22. Nxg3 Nf6 23. Nc3 a6 24. f4 gxf4 25. Qxf4 Qc5 26. Rcd1 Qe5 27. Qf3 h5 28. Rde1 Rf8 29. Nge2 Ng4 30. g3 Qg5 31. Nd1 f5 32. exf5 Rxf5 33. Qg2 Rxf1+ 34. Rxf1 d5 35. Nf4 Qe5 36. cxd5 exd5 37. h3 Nf6 38. Nf2 Ne4 39. N2d3 Qg5 40. Kh2 Re8 41. h4 Qf5 42. Qf3 Nf6 43. Kg2 b6 44. Rf2 d4 45. Re2 Rxe2+ 46. Qxe2 Kh7 47. Qe7 Ng4 48. Qe8 Nf6 49. Qe7 Kh6 50. Ne5 Qe4+ 51. Kf1 Qb1+ 52. Kg2 Qc2+ 53. Kh3 Qf5+ 54. Kg2 Qc2+ 55. Kh3 Qf5+ 56. Kg2 1/2-1/2


[Site "https://www.chess.com"]